 Dungeon Crawl Stone Soup version 0.23-a0-582-g1b4a0ca (webtiles) character file.

71 Inarius the Chopper (level 4, 35/35 HPs)
             Began as a Demonspawn Chaos Knight on Dec 16, 2018.
             Was a Plaything of Xom.
             Got out of the dungeon alive.
             The game lasted 00:01:43 (1691 turns).

Inarius the Chopper (Demonspawn Chaos Knight)       Turns: 1691, Time: 00:01:44

Health: 35/35      AC:  5    Str: 16    XL:     4   Next: 5%
Magic:  4/4        EV: 11    Int: 13    God:    Xom [....*.]
Gold:   122        SH:  0    Dex: 13    Spells: 3/3 levels left

rFire    + . .     SeeInvis .   a - +0 hand axe (chaos)
rCold    . . .     Gourm    .   (no shield)
rNeg     . . .     Faith    .   b - +2 leather armour
rPois    .         Spirit   .   (no helmet)
rElec    .         Reflect  .   (no cloak)
rCorr    .         Harm     .   (no gloves)
MR       .....                  (no boots)
Stlth    +.........             (no amulet)
HPRegen  0.11/turn              e - +3 ring of strength
MPRegen  0.09/turn              (no ring)

@: no status effects
A: claws 1, talons 1, fire resistance 1
a: Renounce Religion


You escaped.
You worshipped Xom.
You were a beloved toy of Xom.
You were not hungry.

You visited 1 branch of the dungeon, and saw 2 of its levels.

You collected 122 gold pieces.

Inventory:

Hand Weapons
 a - a +0 hand axe of chaos (weapon)
Armour
 b - a +2 leather armour (worn)
Jewellery
 e - a +3 ring of strength (left claw)
Scrolls
 f - a scroll of enchant weapon {unknown}
 g - 3 scrolls of teleportation {unknown}
 h - a scroll of identify {unknown}
 i - a scroll of amnesia {unknown}
 j - a scroll of fog {unknown}
Potions
 d - 2 potions of degeneration {unknown}
Comestibles
 c - 3 rations


   Skills:
 + Level 3.2 Fighting
 * Level 4.1 Axes
 + Level 2.0 Armour
 + Level 1.1 Dodging


You had 3 spell levels left.
You didn't know any spells.
Your spell library was empty.

Dungeon Overview and Level Annotations

Branches:
Dungeon (2/15)

Altars:


Innate Abilities, Weirdness & Mutations

You have sharp fingernails.
You have sharp toenails.
Your flesh is heat resistant. (rF+)


Message History

Eating a chunk of flesh.
You eat the chunk of flesh.
This raw flesh tastes terrible.
HP restored.
d - 2 fizzy red potions You see here an iguana skeleton.
There isn't anything to butcher here.
(D) Dungeon
Where to? (Enter - D:2, ? - help)
There is an open door here.
There is an open door here.
There is a stone staircase leading up here.
You climb upwards.
There is a stone staircase leading down here.
You see here a stone.
There is an open door here.
You see here a +0 dagger.
There is an open door here.
There is a staircase leading out of the dungeon here.
Are you sure you want to leave the Dungeon?
This will make you lose the game!
You have escaped!

..#..#..P.P.P.#..#
..#..#........#..#
..#..#..P.P.P.#.[#
........)P.P..#..#
.............8##'#
........#######..##
.............#....#
♣♣♣..........'....#
♣♣♣...#######.@##
♣♣♣♣♣ ####
##########
.........#
#.######.# ...# #.#
#).#####.#
........>#
#..#######


There were no monsters in sight!

Vanquished Creatures
  An iguana (D:2)
  An ooze (D:2)
  4 dart slugs
  7 bats
  A giant cockroach (D:1)
  4 goblins (D:1)
  5 hobgoblins
  7 kobolds (D:1)
  2 frilled lizards
  3 rats
35 creatures vanquished.

Notes
Turn   | Place    | Note
-------+----------+-------------------------------------------
     0 | D:1      | Inarius the Demonspawn Chaos Knight began the quest for the
                  | Orb.
     0 | D:1      | Reached XP level 1. HP: 18/18 MP: 1/1
    71 | D:1      | Reached skill level 3 in Axes
   115 | D:1      | Gained mutation: You have sharp toenails. [demonic
                  | ancestry]
   115 | D:1      | Reached XP level 2. HP: 22/24 MP: 2/2
   362 | D:1      | XOM: swap monsters
   482 | D:1      | Gained mutation: Your flesh is heat resistant. (rF+)
                  | [demonic ancestry]
   482 | D:1      | Reached XP level 3. HP: 29/29 MP: 3/3
   608 | D:1      | Reached skill level 1 in Dodging
   632 | D:1      | XOM: divination: detect creatures
  1343 | D:2      | Reached skill level 4 in Axes
  1343 | D:2      | Gained mutation: You have sharp fingernails. [demonic
                  | ancestry]
  1343 | D:2      | Reached XP level 4. HP: 9/35 MP: 4/4
  1691 | D:$      | Got out of the dungeon alive.

Vault maps used:
D:1:      sevenhm_arrival_forest_fort_large_4
D:2:      kennysheep_slug_shrine, grunt_ministairs_11

Skill      XL: |  1  2  3 |
---------------+----------+-----
Axes           | 3 4 |  4.1
Dodging        | 1 |  1.1
Armour         | 2 |  2.0
Fighting       | |  3.2

Action                   |  1- 3 |  4- 6 || total
-------------------------+-------+-------++-------
Melee: Hand axe          |    78 |       ||    78
       Kick              |     8 |       ||     8
 Stab: Sleeping          |     1 |       ||     1
       Confused          |     1 |       ||     1
  Eat: Chunk             |     1 |     1 ||     2
Armor: Leather armour    |    26 |       ||    26
Dodge: Dodged            |    47 |       ||    47

Table legend:
 A = Non-vault XP
 B = Vault XP
 C = Vault XP percentage of total XP
 D = Non-vault monster count
 E = Vault monster count
 F = Vault count percentage of total count
                 A         B        C        D         E       F
            +---------+---------+-------+---------+---------+-------
      Total |      96 |       6 |   5.9 |      33 |       2 |   5.7
            +---------+---------+-------+---------+---------+-------
        D:1 |      49 |       0 |   0.0 |      27 |       0 |   0.0
        D:2 |      47 |       6 |  11.3 |       6 |       2 |  25.0
            +---------+---------+-------+---------+---------+-------
